 Dungeon Crawl Stone Soup version 0.20-a0-1122-gb7cbeb9 (webtiles) character file.

226 HAL9000 the Cudgeler (level 6, -2/61 HPs)
             Began as an Ogre Hunter on May 11, 2017.
             Slain by Eustachio
             ... wielding a +0 falchion
              (11 damage)
             ... on level 4 of the Dungeon.
             The game lasted 00:07:44 (4142 turns).

HAL9000 the Cudgeler (Ogre Hunter)                  Turns: 4142, Time: 00:07:45

Health: -2/61      AC:  4    Str: 19    XL:     6   Next: 1%
Magic:  6/6        EV:  1    Int: 12    God:
Gold:   205        SH:  0    Dex: -1 (9) Spells: 5/5 levels left

rFire    . . .     SeeInvis .   y - +0 mace
rCold    . . .     Gourm    .   (no shield)
rNeg     . . .     Faith    .   q - +1 robe {MR+}
rPois    .         Spirit   .   (helmet restricted)
rElec    .         Reflect  .   p - scarf {cloud immunity}
rCorr    .         Harm     .   (gloves unavailable)
MR       +....                  (boots unavailable)
Stlth    ..........             (no amulet)
Regen    0.2/turn               (no ring)
MPRegen  0.1/turn               (no ring)

@: very slightly contaminated, slowed, lost dexterity, invisible, very slow
A: unfitting armour, tough skin 1
a: no special abilities


You were on level 4 of the Dungeon.
You were not hungry.

You visited 1 branch of the dungeon, and saw 4 of its levels.

You collected 205 gold pieces.

Inventory:

Hand Weapons
 y - a +0 mace (weapon)
Missiles
 r - 7 javelins (quivered)
Armour
 p - a scarf of cloud immunity (worn)
 q - a +1 robe of magic resistance (worn)
Scrolls
 g - 3 scrolls of identify {unknown}
 i - a scroll of random uselessness {unknown}
 m - 2 scrolls of amnesia {unknown}
 n - a scroll of enchant armour {unknown}
 o - a scroll of enchant weapon {unknown}
 t - a scroll of noise {unknown}
 x - 2 scrolls of remove curse {unknown}
Potions
 e - a potion of invisibility
 h - a potion of degeneration {unknown}
 s - a potion of mutation {unknown}
 v - 2 potions of flight {unknown}
 w - a potion of curing {unknown}
Comestibles
 b - 7 fruits
 f - a bread ration
 j - 2 meat rations
 k - 2 chunks of flesh
 u - a royal jelly


   Skills:
 - Level 3.6 Fighting
 + Level 4.7 Maces & Flails
 - Level 4.0 Throwing
 - Level 1.7 Dodging
 - Level 0.6 Stealth


You had 5 spell levels left.
You didn't know any spells.

Dungeon Overview and Level Annotations

Branches:
Dungeon (4/15)
 Temple: D:4-7

Altars:
Cheibriados
Dithmenos

Annotations:
D:4 Eustachio


Innate Abilities, Weirdness & Mutations

You are too large for most types of armour.
You have tough skin. (AC +1)


Message History

You are very lightly contaminated with residual magic.
The bat hits you but does no damage. The bat hits you.
The bat hits you but does no damage.
You closely miss Eustachio.
Eustachio is heavily wounded.
The bat hits you but does no damage. The quokka bites you.
The bat hits you but does no damage. Eustachio hits you but does no damage.
The quokka bites you but does no damage.
The bat hits you but does no damage. Eustachio hits you with a falchion.
* * * LOW HITPOINT WARNING * * *
You barely miss Eustachio.
Eustachio is heavily wounded.
The bat hits you but does no damage. x2
The quokka bites you but does no damage.
The bat hits you but does no damage. The quokka bites you.
* * * LOW HITPOINT WARNING * * *
The quokka bites you.
* * * LOW HITPOINT WARNING * * *
Eustachio hits you with a falchion!
You die...

#.............#
#.......###..## #.......#
#...# #...#...####..#
##..#....###..#####.
#...#....##........
#...#....#.........
#...#.......######.
#.r@@......##
......(..br...).##
.............).#######
......(.###.b........####
......####..............##
.....( #........)........
...... #........)........
(#..(. #.....[............
#...........†......


You could see Eustachio, 2 quokkas and 2 bats.

Vanquished Creatures
  A bullfrog (D:3)
  An iguana (D:3)
  3 adders
  An adder zombie (D:3)
  3 worms
  4 dart slugs
  5 orcs (D:4)
  5 bats
  14 giant cockroaches
  9 goblins
  13 hobgoblins
  5 jackals
  6 frilled lizards
  5 kobolds
  7 rats
82 creatures vanquished.

Notes
Turn   | Place    | Note
-------+----------+-------------------------------------------
     0 | D:1      | HAL9000 the Ogre Hunter began the quest for the Orb.
     0 | D:1      | Reached XP level 1. HP: 22/22 MP: 1/1
    74 | D:1      | Reached XP level 2. HP: 8/31 MP: 2/2
   840 | D:1      | Reached skill level 1 in Maces & Flails
  1108 | D:1      | Reached XP level 3. HP: 36/37 MP: 3/3
  1288 | D:1      | You fall through a shaft!
  1730 | D:2      | Found a snail-covered altar of Cheibriados.
  1730 | D:2      | Found a shadowy altar of Dithmenos.
  1827 | D:2      | Reached XP level 4. HP: 34/46 MP: 4/4
  3325 | D:3      | Noticed a bullfrog
  3326 | D:3      | Killed a bullfrog
  3326 | D:3      | Reached XP level 5. HP: 53/53 MP: 5/5
  3983 | D:4      | Reached XP level 6. HP: 42/61 MP: 6/6
  4120 | D:4      | Noticed Eustachio
  4135 | D:4      | Lost dexterity.
  4142 | D:4      | Slain by Eustachio

Vault maps used:
D:1:      dpeg_arrival_arbitrary_c
D:2:      gammafunk_temple_overflow_statue
D:3:      minmay_roachtagon
D:4:      first_bread, serial_shops, nicolae_shop_competitors_out_of_business,
          uniq_eustachio

Skill      XL: |  1  2  3  4 |
---------------+-------------+-----
Fighting       | 3 |  3.6
Maces & Flails | 1 2 4 |  4.7
Throwing       | |  4.0
Dodging        | |  1.7
Stealth        | |  0.6

Action                   |  1- 3 |  4- 6 || total
-------------------------+-------+-------++-------
Melee: Short sword       |    18 |       ||    18
       Club              |    71 |       ||    71
       Whip              |    53 |   260 ||   313
       Mace              |       |     9 ||     9
Throw: Large rock        |     4 |    11 ||    15
       Throwing net      |       |     2 ||     2
  Use: Potion            |       |     3 ||     3
  Eat: Chunk             |     2 |     9 ||    11
Armor: Robe              |    56 |   144 ||   200
Dodge: Dodged            |    76 |   156 ||   232
